 Dungeon Crawl Stone Soup version 0.19.1 (webtiles) character file.

59 ImaNewbie the Cudgeler (level 3, -11/28 HPs)
             Began as a Draconian Wanderer on Dec 2, 2016.
             Was a Believer of Uskayaw.
             Killed by divine providence
             ... invoked by an orc priest
              (15 damage)
             ... on level 4 of the Dungeon.
             The game lasted 00:02:46 (2030 turns).

ImaNewbie the Cudgeler (Draconian Wanderer)         Turns: 2030, Time: 00:02:47

Health: -11/28     AC:  5    Str: 13    XL:     3   Next: 78%
Magic:  3/3        EV: 11    Int: 16    God:    Uskayaw [**....]
Gold:   52         SH:  0    Dex:  8    Spells: 0 memorised, 2 levels left

rFire  + . .     SeeInvis .     a - +2 mace
rCold  . . .     Gourm    .     (armour unavailable)
rNeg   . . .     Faith    .     (no shield)
rPois  .         Spirit   .     (helmet restricted)
rElec  .         Reflect  .     (no cloak)
rCorr  .         Harm     .     (no gloves)
MR     .....                    (no boots)
Stlth  +.........               (no amulet)
                                (no ring)
                                m - ring of protection from fire

@: no status effects
A: unfitting armour, cold-blooded, AC +5
a: Stomp, Line Pass, Renounce Religion


You were on level 4 of the Dungeon.
You worshipped Uskayaw.
Uskayaw was noncommittal.
You were not hungry.

You visited 1 branch of the dungeon, and saw 3 of its levels.

You collected 52 gold pieces.

Inventory:

Hand Weapons
 a - a +2 mace (weapon)
 b - a +0 hand crossbow
 o - a +0 flail
Missiles
 c - 27 bolts
Jewellery
 m - a ring of protection from fire (left hand)
Scrolls
 d - 2 scrolls of teleportation
 e - 2 scrolls of identify
Potions
 g - a potion of cure mutation {unknown}
 h - 2 potions of lignification
 i - a potion of curing {unknown}
 j - a potion of berserk rage {unknown}
Comestibles
 f - 3 bread rations
 k - a chunk of flesh
 l - 2 beef jerkies
 n - a meat ration


   Skills:
 - Level 1.1 Fighting
 + Level 5.5 Maces & Flails
   Level 2.6 Bows
 - Level 1.7 Throwing


You had 2 spell levels left.
You didn't know any spells.

Dungeon Overview and Level Annotations

Branches:
Dungeon (2/15)

Altars:
Uskayaw


Innate Abilities, Weirdness & Mutations

Your plain brown scales are hard. (AC +5)
You cannot fit into any form of body armour.
You are cold-blooded and may be slowed by cold attacks.


Message History

The orc wizard casts a spell at you. The puff of frost hits you!
You hit something but do no damage.
Your tail-slap misses something.
Something hits you.
The orc wizard hits you but does no damage.
Something hits you but does no damage.
You miss something.
The orc wizard begins to cast a cantrip, but forgets the words!
The orc priest barely misses you.
You hear some strange, mumbled words.
A magic dart appears from out of thin air!
The magic dart hits you!
* * * LOW HITPOINT WARNING * * *
You hit the orc priest but do no damage.
The orc priest is heavily wounded.
The orc wizard closely misses you.
The orc priest mumbles some strange prayers to Beogh against you.
Beogh smites you!
Ouch! That really hurt!
You die...

#. #. #. #### #. .. ..# #. #.
##.#### ##+# #. #. #.....#
#...##. #.##.....# ....o#.
#........# ...{... ###@.....#
#
.....o.####o.o....#######...#
......o.....o....>...........
................#########...#
......######.##.# . .....#
####.# #...# ... ##+# #.## ##


You could see an orc priest, an orc wizard and an orc.

Vanquished Creatures
  An adder (D:2)
  A worm (D:2)
  2 dart slugs
  A ball python (D:1)
  8 bats
  A giant cockroach (D:1)
  6 hobgoblins
  A jackal (D:1)
  3 frilled lizards (D:2)
  8 goblins
  6 kobolds
  4 rats
42 creatures vanquished.

Notes
Turn   | Place    | Note
-------+----------+-------------------------------------------
     0 | D:1      | ImaNewbie the Draconian Wanderer began the quest for the Orb.
     0 | D:1      | ImaNewbie set off with: a +2 mace, a +0 hand crossbow, 27 bolts, a scroll of teleportation, a bread ration
     0 | D:1      | Reached XP level 1. HP: 16/16 MP: 1/1
   111 | D:1      | Reached XP level 2. HP: 11/23 MP: 2/2
  1434 | D:2      | Found a faded altar of an unknown god.
  1461 | D:2      | Reached skill level 5 in Maces & Flails
  1465 | D:2      | Reached XP level 3. HP: 27/28 MP: 3/3
  1480 | D:2      | Became a worshipper of Uskayaw the Reveler
  1480 | D:2      | Reached * piety under Uskayaw
  1649 | D:2      | Reached ** piety under Uskayaw
  1988 | D:2      | You fall through a shaft for 2 floors!
  2030 | D:4      | Killed from afar by an orc priest

Skill      XL: |  1  2 |
---------------+-------+-----
Maces & Flails | 5 |  5.5
Fighting       | |  1.1
Bows           | |  2.6
Throwing       | |  1.7

Action                   || total
-------------------------++-------
Melee: Mace              ||   124
       Tailslap          ||     7
  Use: Scroll            ||     3
  Eat: Chunk             ||     4
Armor: Skin              ||    50
Dodge: Dodged            ||   102
